 Dungeon Crawl Stone Soup version 0.30-a0-1035-g38d5fb2972 (webtiles) character file.

Game seed: 1299080843713249695

20130 Querens the Blocker (level 13, -2/106 HPs)
             Began as a Formicid Fighter on Apr 6, 2023.
             Was an Elder of Okawaru.
             Constricted to death by a naga warrior (4 damage)
             ... on level 2 of the Orcish Mines on Apr 8, 2023.
             The game lasted 00:43:05 (7272 turns).

Querens the Blocker (Formicid Fighter)              Turns: 7272, Time: 00:43:06

Health: -2/106     AC: 21    Str: 26    XL:     13   Next: 9%
Magic:  11/18      EV:  9    Int:  8    God:    Okawaru [****..]
Gold:   173        SH:  9    Dex: 19    Spells: 12/12 levels left

rFire   + . .      SeeInvis +    i - +6 shillelagh "Devastator" {shatter}
rCold   + . .      Faith    .    c - +0 buckler
rNeg    . . .      Spirit   .    b - +2 chain mail {rC+}
rPois   .          Reflect  .    (helmet unavailable)
rElec   .          Rampage  .    R - +0 cloak
rCorr   .                        q - +1 pair of gloves
Will    +....                    M - +0 pair of boots
Stlth   +                        v - amulet of regeneration
HPRegen 1.17/turn                k - ring of protection from fire
MPRegen 0.16/turn                A - +6 ring of dexterity

@: mighty, heroic, finesse-ful, constricted, studying Staves
A: permanent stasis, dig shafts and tunnels, antennae 3, four strong arms
a: Dig, Shaft Self, Renounce Religion, Heroism, Finesse


You were on level 2 of the Orcish Mines.
You worshipped Okawaru.
Okawaru was greatly pleased with you.
You visited 3 branches of the dungeon, and saw 12 of its levels.
You visited 1 bazaar.

You collected 1352 gold pieces.
You spent 1179 gold pieces at shops.

Inventory:

Hand Weapons
 i - the +6 shillelagh "Devastator" (weapon) {shatter}
   (You found it on level 4 of the Dungeon)
 s - the +7 hand axe of the Rat {heavy, Will+ SInv}
   (You found it on level 4 of the Dungeon)

   SInv:      It lets you see invisible.
   Will:      It increases your willpower.
 F - a +5 battleaxe
 J - a +1 scimitar of flaming
Missiles
 n - 3 throwing nets
Armour
 b - a +2 chain mail of cold resistance (worn)
 c - a +0 buckler (worn)
 l - a +0 plate armour
 q - a +1 pair of gloves (worn)
 B - the +1 ring mail of a Gauntlet {+Blink Regen+ Str-4}
   (You found it on level 6 of the Dungeon)

   Str:       It affects your strength (-4).
   +Blink:    It lets you blink.
   Regen:     It increases your rate of health regeneration.
 M - a +0 pair of boots (worn)
 R - a +0 cloak (worn)
 V - the +7 chain mail of the Worm {rC- Str+9 Int-3 Dex+6}
   (You bought it in a shop in a bazaar)

   Str:       It affects your strength (+9).
   Int:       It affects your intelligence (-3).
   Dex:       It affects your dexterity (+6).
   rC:        It makes you vulnerable to cold.
Jewellery
 f - a +6 ring of strength
 k - a ring of protection from fire (left hand)
 v - an amulet of regeneration (around neck)
 A - a +6 ring of dexterity (right hand)
 S - a +5 ring of evasion
Wands
 e - a wand of roots (11)
 K - a wand of paralysis (3)
 L - a wand of digging (6)
 Q - a wand of flame (7)
Scrolls
 j - a scroll of immolation
 r - 4 scrolls of magic mapping
 t - 2 scrolls of fear {unknown}
 w - a scroll of enchant weapon {unknown}
 x - 3 scrolls of amnesia
 y - a scroll of fog {unknown}
 E - 2 scrolls of poison
 H - a scroll of noise {unknown}
 N - a scroll of butterflies {unknown}
 O - 2 scrolls of enchant armour
 T - a scroll of brand weapon
Potions
 a - a potion of magic {unknown}
 d - 2 potions of might
 g - 3 potions of attraction
 h - 3 potions of heal wounds
 m - a potion of resistance
 o - 4 potions of lignification
 p - 4 potions of curing
 u - 2 potions of flight {unknown}
 z - a potion of haste {unknown}
 C - 4 potions of degeneration {unknown}
 D - a potion of ambrosia {unknown}
 G - 2 potions of invisibility {unknown}
 I - 2 potions of brilliance {unknown}
 P - 2 potions of mutation {unknown}
 X - 2 potions of cancellation


   Skills:
 + Level 11.1(16.1) Fighting
 * Level 11.5(16.5) Axes
 + Level 11.0(16.0) Armour
 + Level 13.1(18.1) Shields
 + Level 6.7 Invocations


You had 12 spell levels left.
You didn't know any spells.
Your spell library contained the following spells:

 Spells                   Type           Power      Damage    Failure   Level
 Beastly Appendage        Tmut           0%         N/A       82%         1
 Ensorcelled Hibernation  Hex/Ice        0%         N/A       91%         2
 Static Discharge         Conj/Air       0%         2-2/arc   91%         2
 Wereblood                Tmut           0%         N/A       91%         2
 Portal Projectile        Hex/Tloc       0%         N/A       99%         3
 Spider Form              Tmut/Pois      0%         N/A       99%         3
 Airstrike                Air            0%         2d(0-16)  100%        4
 Anguish                  Hex/Necr       0%         N/A       100%        4
 Leda's Liquefaction      Hex/Erth       0%         N/A       100%        4
 Call Canine Familiar     Summ           Unusable   N/A       N/A         3
 Summon Lightning Spire   Summ/Air       Unusable   N/A       N/A         4

Dungeon Overview and Level Annotations

Branches:
Dungeon (9/15)             Temple (1/1) D:5            Lair (0/5) D:9
    Orc (2/2) D:9             Elf (0/3) Orc:2

Altars:
Ashenzari
Cheibriados
Dithmenos
Elyvilon
Fedhas
Gozag
Hepliaklqana
Kikubaaqudgha
Makhleb
Nemelex Xobeh
Okawaru
Qazlal
Ru
Sif Muna
Trog
Uskayaw
Vehumet
Wu Jian
Xom
Yredelemnul
Zin
The Shining One

Shops:
D:1 [   D:4 (   Orc:2 ==*((*:!

Annotations:
D:9 2 transporters, Kiciri's ghost, journeyman DjFE
Orc:1 3 runed translucent doors, Yfeff's ghost, journeyman GrFE
Orc:2 morax's ghost, journeyman GrFi


Innate Abilities, Weirdness & Mutations

You cannot be hasted, slowed, berserked, paralysed or teleported.
You can dig through walls and to a lower floor.
You have a pair of large antennae on your head. (SInv)
Your four strong arms can wield two-handed weapons with a shield.


Message History

The naga warrior spits poison at you.
The splash of poison hits you but does no damage.
You are poisoned.
Unknown command.
The naga warrior blocks your attack.
The naga warrior is severely wounded.
You feel sick. The naga warrior spits poison at you.
The splash of poison hits you!
You are more poisoned.
Unknown command.
Unknown command.
Unknown command.
The naga warrior blocks your attack.
The naga warrior is severely wounded.
You feel sick.
Unknown command.
Unknown command.
You barely miss the naga warrior.
The naga warrior is severely wounded.
You feel sick. You block morax's ghost's attack.
You block the naga warrior's attack. The naga warrior barely misses you.
Unknown command.
Unknown command.
The naga warrior blocks your attack.
The naga warrior is severely wounded.
You feel sick. The naga warrior spits poison at you.
The splash of poison hits you!
You are more poisoned.
* * * LOW HITPOINT WARNING * * *
Unknown command.
Morax's ghost attacks as you move away! Morax's ghost hits you!
* * * LOW HITPOINT WARNING * * *
x2 You feel very sick.
You feel better.
The naga warrior hits you with a +0 mace!
* * * LOW HITPOINT WARNING * * *
The naga warrior grabs you. The naga warrior constricts you.
You die...

#....## #..$#_#[..#.....##
#...?)$...#.∩....##
#.#8...8#.#.......##
#.........#........#
#.#8...8#.#.......##
#.....c...#......##
#########'Qc####.....##
##...##.....WN@.[....##
##...........cN..))..##
##............#...[..##
.#.......#....#......###
..........#.#..........##
.....#....##............##
#....#....#......#.......##
.....#.#.........##.......##
....#####......#####.......#


You could see 2 naga warriors, a tengu warrior, 3 centaur warriors and morax's
ghost.

Vanquished Creatures
  A minotaur (Orc:2)
  An ettin (Orc:2)
  4 orc high priests (Orc:2)
  4 orc knights (Orc:2)
  6 orc sorcerers
  2 unseen horrors (D:6)
  A hornet (D:9)
  3 trolls (Orc:2)
  Grinder (D:5)
  6 yaks
  3 water moccasins
  11 wargs
  2 acid dragons
  2 ice beasts (D:6)
  5 sky beasts
  26 orc warriors
  4 black bears
  3 centaurs
  3 ogres
  A kobold brigand (D:4)
  4 bullfrogs
  5 scorpions
  19 wights
  16 killer bees
  4 howler monkeys
  2 lava snakes (D:9)
  7 hounds
  5 jellies
  15 orc priests
  A gnoll bouda (D:5)
  A sleepcap (D:6)
  3 iguanas
  15 orc wizards
  22 gnolls
  8 adders
  A shadow imp (D:6)
  A white imp (D:7)
  An ufetubus (D:6)
  5 worms
  2 dart slugs
  48 orcs
  10 endoplasms
  2 giant cockroaches (D:1)
  A goblin (D:3)
  6 hobgoblins
  6 jackals
  58 kobolds
  6 quokkas
  2 ball pythons (D:1)
  3 bats
  6 frilled lizards
  2 rats (D:3)
376 creatures vanquished.

Vanquished Creatures (others)
  An orc wizard (Orc:2)
  An orc (Orc:1)
  19 plants
21 creatures vanquished.

Grand Total: 397 creatures vanquished

Notes
Turn   | Place    | Note
-------+----------+-------------------------------------------
     0 | D:1      | Querens the Formicid Fighter began the quest for the Orb.
     0 | D:1      | Reached XP level 1. HP: 18/18 MP: 1/1
    27 | D:1      | Found Kekiw's Armour Shoppe.
    76 | D:1      | Reached XP level 2. HP: 18/24 MP: 2/2
   387 | D:1      | Reached XP level 3. HP: 29/29 MP: 3/3
   894 | D:2      | Reached XP level 4. HP: 37/37 MP: 4/4
   894 | D:2      | Upgraded the game from 0.30-a0-1014-g3371b13838 to
                  | 0.30-a0-1035-g38d5fb2972
  1004 | D:2      | Found a faded altar of an unknown god.
  1317 | D:3      | Noticed a scorpion
  1338 | D:3      | Killed a scorpion
  1339 | D:3      | Reached skill level 5 in Shields
  1339 | D:3      | Reached XP level 5. HP: 40/42 MP: 5/5
  1668 | D:3      | Reached XP level 6. HP: 20/49 MP: 6/6
  2031 | D:4      | Found the +6 shillelagh "Devastator" {shatter}
  2034 | D:4      | Noticed an ogre
  2043 | D:4      | Killed an ogre
  2139 | D:4      | Reached XP level 7. HP: 51/55 MP: 7/7
  2186 | D:4      | Reached skill level 5 in Fighting
  2186 | D:4      | Reached skill level 6 in Shields
  2279 | D:4      | Reached skill level 5 in Armour
  2703 | D:4      | Found Heruux's Weapon Boutique.
  2710 | D:4      | Identified the +7 hand axe of the Rat {heavy, Will+ SInv}
  2749 | D:5      | Entered Level 5 of the Dungeon
  2883 | D:5      | Reached XP level 8. HP: 46/63 MP: 8/8
  2942 | D:5      | Noticed Grinder
  2953 | D:5      | Killed Grinder
  2954 | D:5      | Reached skill level 5 in Axes
  2954 | D:5      | Reached skill level 7 in Shields
  3052 | D:5      | Found a staircase to the Ecumenical Temple.
  3061 | Temple   | Entered the Ecumenical Temple
  3443 | D:6      | Reached XP level 9. HP: 68/71 MP: 9/9
  3449 | D:6      | Reached skill level 8 in Shields
  3478 | D:6      | Noticed an unseen horror
  3487 | D:6      | Killed an unseen horror
  3535 | D:6      | Reached skill level 9 in Shields
  3551 | D:6      | Noticed an unseen horror
  3556 | D:6      | Killed an unseen horror
  3557 | D:6      | Reached XP level 10. HP: 69/80 MP: 10/10
  3705 | D:6      | Identified the +1 ring mail of a Gauntlet {+Blink Regen+
                  | Str-4}
  3875 | D:6      | Reached skill level 10 in Shields
  3999 | D:6      | Found a blossoming altar of Fedhas.
  4006 | D:6      | Found a burning altar of Makhleb.
  4220 | D:7      | Found a glowing golden altar of the Shining One.
  4304 | D:7      | Found a hazy altar of Hepliaklqana.
  5106 | D:8      | Reached XP level 11. HP: 89/89 MP: 11/11
  5187 | D:9      | Found an iron altar of Okawaru.
  5193 | D:9      | Became a worshipper of Warmaster Okawaru
  5196 | D:9      | Reached skill level 11 in Shields
  5203 | D:9      | Reached skill level 1 in Invocations
  5237 | D:9      | Noticed a cyclops
  5239 | D:9      | Noticed a manticore
  5239 | D:9      | Noticed Kiciri's ghost (journeyman DjFE)
  5352 | D:9      | Found a staircase to the Orcish Mines.
  5356 | D:9      | Reached * piety under Okawaru
  5547 | D:9      | Found a staircase to the Lair.
  5553 | D:9      | Reached ** piety under Okawaru
  5591 | D:9      | Found a transporter.
  5613 | D:9      | Found a transporter.
  5698 | Orc:1    | Entered Level 1 of the Orcish Mines
  5809 | Orc:2    | Entered Level 2 of the Orcish Mines
  5814 | Orc:2    | Noticed an ettin
  5830 | Orc:2    | Killed an ettin
  5919 | Orc:2    | Reached skill level 10 in Fighting
  5942 | Orc:2    | Noticed an orc sorcerer
  5967 | Orc:2    | Killed an orc sorcerer
  5968 | Orc:2    | Reached skill level 10 in Armour
  6037 | Orc:1    | Noticed an orc sorcerer
  6037 | Orc:1    | Found a runed translucent gate.
  6037 | Orc:1    | Found a runed translucent gate.
  6037 | Orc:1    | Found a runed translucent gate.
  6043 | Orc:1    | Reached *** piety under Okawaru
  6044 | Orc:1    | Killed an orc sorcerer
  6108 | Orc:1    | Noticed Yfeff's ghost (journeyman GrFE)
  6205 | Orc:1    | Reached XP level 12. HP: 91/97 MP: 15/15
  6210 | Orc:1    | Reached skill level 12 in Shields
  6210 | Orc:1    | Noticed an orc warlord
  6211 | Orc:1    | Reached skill level 10 in Axes
  6346 | Orc:2    | Found a gateway to a bazaar.
  6353 | Orc:2    | Found a staircase to the Elven Halls.
  6353 | Orc:2    | Noticed an orc high priest
  6400 | Orc:2    | Killed an orc high priest
  6401 | Orc:2    | Reached skill level 5 in Invocations
  6402 | Orc:2    | Reached **** piety under Okawaru
  6449 | Orc:2    | Found Geaha's Weapon Emporium.
  6475 | Orc:2    | Found Titon's Distillery.
  6494 | Orc:2    | Found Bycly's Book Shoppe.
  6509 | Orc:2    | Found a runed translucent gate.
  6509 | Orc:2    | Found a runed translucent gate.
  6509 | Orc:2    | Found a runed translucent gate.
  6509 | Orc:2    | Noticed a tengu warrior
  6509 | Orc:2    | Noticed a centaur warrior
  6509 | Orc:2    | Noticed a centaur warrior
  6509 | Orc:2    | Noticed a minotaur
  6509 | Orc:2    | Noticed morax's ghost (journeyman GrFi)
  6510 | Orc:2    | Noticed a centaur warrior
  6511 | Orc:2    | Noticed a naga warrior
  6515 | Orc:2    | Noticed a naga warrior
  6519 | Orc:2    | Found an iron altar of Okawaru.
  6538 | Orc:2    | Found Wyem Bio's General Store.
  6741 | Orc:2    | Noticed an orc high priest
  6742 | Orc:2    | Noticed a soul eater
  6745 | Orc:2    | Noticed a soul eater
  6748 | Orc:2    | Noticed an orc high priest
  6762 | Orc:2    | Killed an orc high priest
  6765 | Orc:2    | Killed an orc high priest
  6770 | Orc:2    | Noticed an orc high priest
  6771 | Orc:2    | Found Ketu's Weapon Boutique.
  6774 | Orc:2    | Killed an orc high priest
  6783 | Orc:2    | Reached ***** piety under Okawaru
  6850 | Orc:2    | Reached XP level 13. HP: 98/106 MP: 14/17
  6851 | Orc:2    | Reached skill level 13 in Shields
  6887 | Orc:2    | Found Urpheusy's Assorted Antiques.
  6893 | Orc:2    | Found Enoloth's Jewellery Shoppe.
  6895 | Orc:2    | Found Udypalet's Jewellery Boutique.
  6943 | Bazaar   | Entered a bazaar
  6957 | Bazaar   | Found Acsoem's Antique Armour Shoppe.
  6975 | Bazaar   | Found Jituwky's Jewellery Emporium.
  6993 | Bazaar   | Found Uczot's Assorted Antiques.
  6993 | Bazaar   | Found Umesis's Armour Emporium.
  7027 | Bazaar   | Bought a scroll labelled HAIL GIED KUN for 36 gold pieces
  7027 | Bazaar   | Bought a scroll labelled TUMOACS PUCHEE for 36 gold pieces
  7027 | Bazaar   | Bought a scroll labelled BIJEIN JIOTT for 36 gold pieces
  7027 | Bazaar   | Bought a yellow potion for 32 gold pieces
  7057 | Bazaar   | Bought a shimmering chain mail for 228 gold pieces
  7057 | Bazaar   | Identified the +7 chain mail of the Worm {rC- Str+9 Int-3
                  | Dex+6} (You bought it in a shop in a bazaar)
  7085 | Bazaar   | Bought a scroll of identify for 72 gold pieces
  7085 | Bazaar   | Bought a scroll of identify for 72 gold pieces
  7139 | Orc:2    | Bought a fuming inky potion for 21 gold pieces
  7139 | Orc:2    | Bought a scroll of identify for 48 gold pieces
  7139 | Orc:2    | Bought a fuming pink potion for 21 gold pieces
  7139 | Orc:2    | Bought a scroll labelled AMPEVA BYCA for 24 gold pieces
  7139 | Orc:2    | Bought a potion of might for 96 gold pieces
  7198 | Orc:2    | Bought a potion of berserk rage for 70 gold pieces
  7198 | Orc:2    | Bought a potion of heal wounds for 70 gold pieces
  7198 | Orc:2    | Bought a potion of heal wounds for 70 gold pieces
  7234 | Orc:2    | Bought a scroll of poison for 52 gold pieces
  7234 | Orc:2    | Bought a scroll of vulnerability for 52 gold pieces
  7234 | Orc:2    | Bought a potion of cancellation for 104 gold pieces
  7234 | Orc:2    | Bought a potion of lignification for 39 gold pieces
  7266 | Orc:2    | Killed a minotaur
  7272 | Orc:2    | HP: 2/106 [naga warrior/+0 mace (13)]
  7272 | Orc:2    | Constricted to death by a naga warrior

Illustrated notes

Levels and vault maps discovered:
D:1:      scummos_arrival_simple_crosswalls, layout_basic, serial_shops,
          nicolae_shop_advertising_works [nicolae_subvault_shop_adworks]
D:2:      layout_loops_ring, hellmonk_ecumenical_altar_defaced_shrine
D:3:      layout_loops_ring, st_stairs_6, lexackson_kobold_supper
D:4:      minmay_goblin_kobold_castle, layout_loops_ring, serial_shops,
          kennysheep_little_box, dilly_guarded_unrand_devastator
D:5:      layout_rooms, minmay_temple_entry_poolview, serial_bayou,
          serial_bayou_pond_a, serial_bayou_pond_e, serial_bayou_lagoon_a,
          serial_bayou_pond_e, uniq_grinder
D:6:      minmay_bubble_buster, layout_loops_ring,
          amethyst_overflow_temple_binary, minmay_manual_moon
D:7:      layout_rooms, mainiacjoe_overflow_alcove_1,
          mainiacjoe_overflow_24_doors, minmay_crossroads
D:8:      layout_gridville
D:9:      layout_basic, mainiacjoe_overflow_cross_hatched,
          erik_lair_orcish_takeover, minmay_orc_entry_guard_dogs,
          gammafunk_ghost_arena, kennysheep_cluttered_room
Temple:   bh_familiar_temple
Orc:1:    layout_caves, gammafunk_ghost_necromancy
Orc:2:    st_orc_elflike, layout_diamond_mine, gammafunk_ghost_fury_of_okawaru,
          serial_shops, bzr_entry_water, nicolae_shop_bloodbath_and_beyond,
          shop, nicolae_shop_behind_doors, shop

Skill      XL: |  1  2  3  4  5  6  7  8  9 10 11 12 13 |
---------------+----------------------------------------+-----
Fighting       | 4 5 6 8 9 10 11 | 11.1
Axes           | 3 4 5 6 8 9 11 | 11.5
Armour         | 4 5 6 7 9 10 11 | 11.0
Shields        | 5 6 7 9 10 11 12 13 | 13.1
Invocations    | 4 6 |  6.7

Action                     |  1- 3 |  4- 6 |  7- 9 | 10-12 | 13-15 || total
---------------------------+-------+-------+-------+-------+-------++-------
  Melee: War axe           |    65 |   122 |       |       |       ||   187
         Shillelagh        |       |     2 |   155 |   354 |    20 ||   531
  Throw: Throwing net      |       |     1 |       |       |       ||     1
 Invoke: Heroism           |       |       |       |     6 |     1 ||     7
         Finesse           |       |       |       |     1 |     1 ||     2
Ability: Dig               |       |       |     1 |       |       ||     1
  Evoke: Wand              |       |       |       |    10 |       ||    10
    Use: Scroll            |       |     2 |     3 |     5 |     3 ||    13
         Potion            |       |       |       |     1 |     2 ||     3
   Stab: Paralysed         |       |       |       |     3 |       ||     3
 Armour: Scale mail        |    23 |    46 |    72 |    74 |       ||   215
         Plate armour      |       |       |       |    22 |       ||    22
         Chain mail        |       |       |       |    33 |     3 ||    36
  Dodge: Dodged            |    29 |    52 |    78 |   138 |     3 ||   300
  Block: Buckler           |    17 |    28 |    54 |   143 |     4 ||   246

Table legend: (Time is in decaauts)
 A = Elapsed time spent in this place.
 B = Non-inter-level travel time spent in this place.
 C = Inter-level travel time spent in this place.
 D = Time resting spent in this place.
 E = Time spent auto-exploring this place.
 F = Levels seen in this place.
 G = Mean time per level.
                   A        B        C        D        E       F      G
               +--------+--------+--------+--------+--------+-----+--------+
         Total |   7352 |   6855 |    497 |      7 |      0 |  13 |  565.5 |
       Dungeon |   5637 |   5295 |    342 |      0 |      0 |   9 |  626.3 |
        Temple |    179 |    154 |     25 |      0 |      0 |   1 |  179.0 |
  Orcish Mines |   1377 |   1247 |    130 |      7 |      0 |   2 |  688.5 |
        Bazaar |    158 |    158 |      0 |      0 |      0 |   1 |  158.0 |
               +--------+--------+--------+--------+--------+-----+--------+

Top non-repeatable levels by time:
   Orc:2: 1126 daAuts
     D:4: 874 daAuts
     D:6: 831 daAuts
     D:1: 701 daAuts
     D:3: 644 daAuts
     D:2: 614 daAuts
     D:8: 588 daAuts
     D:9: 513 daAuts
     D:5: 460 daAuts
     D:7: 408 daAuts
   Orc:1: 250 daAuts
  Temple: 179 daAuts
  Bazaar: 158 daAuts
